 Dungeon Crawl Stone Soup version 0.26-a0-752-gcff87cac9a (webtiles) character file.

Game seed: 3155124381857865398

(classic levelgen) 154 EnegeticOcto the Magician (level 5, -6/28 HPs)
             Began as a Deep Elf Transmuter on Nov 6, 2020.
             Killed from afar by an orc wizard (7 damage)
             ... with a puff of flame
             ... on level 3 of the Dungeon.
             The game lasted 00:09:58 (3929 turns).

EnegeticOcto the Magician (Deep Elf Transmuter)     Turns: 3929, Time: 00:09:58

Health: -6/28      AC:  2    Str:  7    XL:     5   Next: 13%
Magic:  11/13      EV: 20    Int: 19    God:
Gold:   180        SH:  0    Dex: 20    Spells: 4/12 levels left

rFire    . . .     SeeInvis .     - Unarmed
rCold    . . .     Faith    .   (shield currently unavailable)
rNeg     . . .     Spirit   .   (armour currently unavailable)
rPois    x         Reflect  .   (helmet currently unavailable)
rElec    .         Harm     .   (cloak currently unavailable)
rCorr    .         Rampage  .   (gloves currently unavailable)
MR       .....                  (boots currently unavailable)
Stlth    +++.......             h - amulet of the acrobat
HPRegen  0.09/turn              (no ring)
MPRegen  0.13/turn              (no ring)

@: spider-form
A: tiny
a: End Transformation


You were on level 3 of the Dungeon.
You were a venomous arachnid creature.
You visited 1 branch of the dungeon, and saw 3 of its levels.

You collected 180 gold pieces.

Inventory:

Hand Weapons
 i - a +1 short sword of protection (melded)
Missiles
 c - 67 stones (quivered)
 n - 27 poisoned darts
Armour
 a - a +0 robe (melded)
 d - a +0 helmet (melded)
Jewellery
 h - an amulet of the acrobat (around neck)
Scrolls
 e - a scroll of remove curse {@r2}
 g - a scroll of blinking {unknown}
 j - 2 scrolls of teleportation {unknown}
 k - a scroll of fear {unknown}
Potions
 m - a potion of brilliance
 o - 2 potions of resistance


   Skills:
 - Level 0.7 Fighting
 - Level 2.4 Dodging
 - Level 3.0 Stealth
 - Level 2.4 Unarmed Combat
 - Level 4.2 Spellcasting
 + Level 3.9 Transmutations
 - Level 2.0 Poison Magic


You had 4 spell levels left.
You knew the following spells:

 Your Spells              Type           Power        Failure   Level
a - Ice Form              Ice/Tmut       ##......     73%         4
b - Beastly Appendage     Tmut           ###...       10%         1
c - Spider Form           Tmut/Pois      ###.......   28%         3

Your spell library contained the following spells:

 Spells                   Type           Power        Failure   Level
 Wereblood                Tmut           ###.....     13%         2
 Corona                   Hex            #......      32%         1
 Ensorcelled Hibernation  Hex/Ice        #.....       41%         2
 Confusing Touch          Hex            #.......     61%         3
 Dazzling Flash           Conj/Hex       #.....       61%         3
 Tukima's Dance           Hex            #.......     61%         3
 Blade Hands              Tmut           ###.......   78%         5


Dungeon Overview and Level Annotations

Branches:
Dungeon (3/15)

Altars:
Nemelex Xobeh
Ru
The Shining One

Annotations:
D:2 Sigmund


Message History

Anything else - Cancel.
You shout for attention!
You start waiting.
Done waiting.
What are your orders? t - Shout!
Orders for allies: a - Attack new target. r - Retreat! s - Stop attacking. g - Guard the area. f - Follow me.
Anything else - Cancel.
You shout for attention!
You start waiting.
Done waiting.
What are your orders? t - Shout!
Orders for allies: a - Attack new target. r - Retreat! s - Stop attacking. g - Guard the area. f - Follow me.
Anything else - Cancel.
Okay, then.
What are your orders? t - Shout!
Orders for allies: a - Attack new target. r - Retreat! s - Stop attacking. g - Guard the area. f - Follow me.
Anything else - Cancel.
Okay, then.
What are your orders? t - Shout!
Orders for allies: a - Attack new target. r - Retreat! s - Stop attacking. g - Guard the area. f - Follow me.
Anything else - Cancel.
Okay, then.
You start waiting.
Done waiting.
You see here 26 bolts.
You see here a +0 short sword.
There is a fountain of sparkling water here.
An orc is nearby!
The orc shouts!
You hear a shout! x2
There is a sparkling altar of Nemelex Xobeh here.
There is a fountain of sparkling water here.
You see here a +0 short sword.
You see here 26 bolts.
Casting: Spider Form (quite dangerous; 13% risk of failure)
Confirm with . or Enter, or press ? or * to list all spells.
The spell is quite dangerous to cast (13% risk of failure)!
Continue anyway?
You turn into a venomous arachnid creature.
Your +1 short sword of protection melds into your body.
Your +0 helmet melds into your body.
Your +0 robe melds into your body.
Your +1 short sword of protection goes still.
The orc completely misses you.
You hit the orc but do no damage.
The orc priest invokes the aid of Beogh against you.
Beogh smites you!
Ouch! That really hurt!
The orc completely misses you.
Really quaff
l - a potion of heal wounds {@q2 !q}?
You feel much better.
You hit the orc.
The orc is poisoned.
The orc is heavily wounded.
You hit the orc.
You kill the orc!
You hit the orc but do no damage.
The orc is poisoned.
The orc hits you with a +0 dagger.
You hit the orc but do no damage.
The orc looks as sick as possible!
The orc is lightly wounded.
The orc misses you.
You bite the orc!
You kill the orc!
The orc priest looks braver for a moment.
The orc wizard gestures at you while chanting.
The magic dart hits you.
You hit the orc priest.
The orc priest is lightly wounded.
The orc priest invokes the aid of Beogh against you.
Beogh smites you!
Ouch! That really hurt!
* * * LOW HITPOINT WARNING * * *
You hit the orc priest.
The orc priest is poisoned.
The orc priest is lightly wounded.
The orc priest hits you.
* * * LOW HITPOINT WARNING * * *
Okay, then.
You hit the orc priest.
The orc priest looks as sick as possible!
The orc priest is heavily wounded.
The orc priest completely misses you.
You aren't carrying any items that you can evoke.
Unknown command.
Okay, then.
You hit the orc priest.
You kill the orc priest!
You have reached level 5!
You bite the orc wizard!
The orc wizard is poisoned.
The orc wizard is heavily wounded.
The orc wizard casts a spell at you. The puff of flame hits you!
You die...

#.# #.... #o# #####
#(# #.# #.# #.# #.#
#.##################
#.os................
####################


You could see an orc wizard (very poisoned).

Vanquished Creatures
  An orc priest (D:3)
  5 adders
  An ooze (D:1)
  2 worms (D:2)
  2 dart slugs (D:1)
  4 orcs (D:3)
  9 bats
  3 giant cockroaches
  7 goblins
  4 hobgoblins
  4 jackals (D:1)
  A quokka (D:3)
  2 ball pythons (D:3)
  3 frilled lizards (D:1)
  9 kobolds
  8 rats
65 creatures vanquished.

Notes
Turn   | Place    | Note
-------+----------+-------------------------------------------
     0 | D:1      | EnegeticOcto the Deep Elf Transmuter began the quest for
                  | the Orb.
     0 | D:1      | Reached XP level 1. HP: 11/11 MP: 6/6
     1 | D:1      | Noticed an electric eel
   229 | D:1      | Reached skill level 1 in Stealth
   348 | D:1      | Reached skill level 2 in Stealth
   433 | D:1      | Reached XP level 2. HP: 16/16 MP: 6/8
   551 | D:1      | Reached skill level 3 in Stealth
   974 | D:1      | Reached XP level 3. HP: 17/20 MP: 7/9
   979 | D:1      | Learned a level 3 spell: Spider Form
  1565 | D:2      | Found a glowing golden altar of the Shining One.
  1567 | D:2      | Found a sacrificial altar of Ru.
  1626 | D:2      | Reached skill level 1 in Poison Magic
  1752 | D:2      | Reached skill level 4 in Spellcasting
  1865 | D:2      | Reached XP level 4. HP: 24/24 MP: 8/12
  2208 | D:2      | Noticed Sigmund
  2425 | D:2      | Learned a level 4 spell: Ice Form
  2667 | D:3      | Reached skill level 2 in Poison Magic
  2897 | D:3      | Reached skill level 3 in Transmutations
  3052 | D:3      | Found a sparkling altar of Nemelex Xobeh.
  3926 | D:3      | HP: 1/24 [orc priest (3)]
  3928 | D:3      | Reached XP level 5. HP: 1/28 MP: 11/13
  3929 | D:3      | Killed from afar by an orc wizard

Illustrated notes

Levels and vault maps discovered:
D:1:      arrival_aquarium_a, layout_loops_ring
D:2:      layout_loops_ring, chequers_temple_overflow_statue_of_worship,
          uniq_sigmund
D:3:      layout_basic, lemuel_doored_altar, nemelex_xobeh_ov_fountains_minmay

Skill      XL: |  1  2  3  4 |
---------------+-------------+-----
Stealth        | 2 3 |  3.0
Poison Magic   | 1 2 |  2.0
Spellcasting   | 4 |  4.2
Transmutations | 3 |  3.9
Fighting       | |  0.7
Dodging        | |  2.4
Unarmed Combat | |  2.4

Action                   |  1- 3 |  4- 6 || total
-------------------------+-------+-------++-------
Melee: Unarmed           |    82 |    56 ||   138
       Kick              |    19 |     3 ||    22
       Headbutt          |     5 |     3 ||     8
       Punch             |     2 |       ||     2
       Short sword       |    30 |    38 ||    68
Throw: Stone             |    12 |       ||    12
 Cast: Beastly Appendage |    21 |     2 ||    23
       Spider Form       |     3 |     7 ||    10
  Use: Potion            |     3 |     2 ||     5
       Scroll            |     1 |     3 ||     4
 Stab: Sleeping          |     4 |     3 ||     7
Armor: Robe              |    22 |    10 ||    32
       Skin              |       |     1 ||     1
Dodge: Dodged            |    65 |    87 ||   152

Table legend: (Time is in decaauts)
 A = Elapsed time spent in this place.
 B = Non-inter-level travel time spent in this place.
 C = Inter-level travel time spent in this place.
 D = Time resting spent in this place.
 E = Time spent auto-exploring this place.
 F = Levels seen in this place.
 G = Mean time per level.
                   A        B        C        D        E       F      G
               +--------+--------+--------+--------+--------+-----+--------+
         Total |   3930 |   3752 |    178 |    958 |   2065 |   3 | 1310.0 |
       Dungeon |   3930 |   3752 |    178 |    958 |   2065 |   3 | 1310.0 |
               +--------+--------+--------+--------+--------+-----+--------+

Top non-repeatable levels by time:
     D:3: 1463 daAuts
     D:1: 1344 daAuts
     D:2: 1123 daAuts
